 Dungeon Crawl Stone Soup version 0.29-a0-284-gf9362112df (webtiles) character file.

Game seed: 9814606951286644077

245 being54 the Cudgeller (level 6, -1/37 HPs)
             Began as a Gargoyle Fighter on Mar 21, 2022.
             Killed from afar by an orc wizard (4 damage)
             ... with a puff of flame
             ... on level 3 of the Dungeon.
             The game lasted 00:04:42 (2806 turns).

being54 the Cudgeller (Gargoyle Fighter)            Turns: 2806, Time: 00:04:43

Health: -1/37      AC: 12    Str: 21    XL:     6   Next: 10%
Magic:  6/6        EV:  9    Int: 15    God:
Gold:   117        SH:  4    Dex:  9    Spells: 5/5 levels left

rFire   . . .      SeeInvis .   a - +1 flail
rCold   . . .      Faith    .   c - +0 buckler
rNeg    + . .      Spirit   .   b - +0 scale mail
rPois   ∞          Reflect  .   (no helmet)
rElec   +          Harm     .   j - scarf {+Inv}
rCorr   .          Rampage  .   (no gloves)
Will    .....                   m - +0 pair of boots
Stlth   ..........              (no amulet)
HPRegen 0.12/turn               h - +6 ring of intelligence
MPRegen 0.10/turn               (no ring)

@: mighty
A: sickness immunity, AC +4, negative energy resistance 1, electricity
resistance, torment resistance 1, petrification resistance
a: Evoke Invisibility


You were on level 3 of the Dungeon.
You visited 1 branch of the dungeon, and saw 3 of its levels.

You collected 117 gold pieces.

Inventory:

Hand Weapons
 a - a +1 flail (weapon)
Armour
 b - a +0 scale mail (worn)
 c - a +0 buckler (worn)
 j - a scarf of invisibility (worn)
 m - a +0 pair of boots (worn)
Jewellery
 h - a +6 ring of intelligence (left hand)
Wands
 f - a wand of flame (26)
Scrolls
 g - a scroll of teleportation
Potions
 e - 2 potions of resistance
 i - a potion of invisibility
 k - a potion of cancellation
 l - 2 potions of haste
 n - a potion of brilliance


   Skills:
 - Level 3.6 Fighting
 * Level 5.7 Maces & Flails
 - Level 3.6 Armour
 - Level 3.6 Shields


You had 5 spell levels left.
You didn't know any spells.
Your spell library was empty.

Dungeon Overview and Level Annotations

Branches:
Dungeon (3/15)

Altars:

Shops:
D:1 [


Innate Abilities, Weirdness & Mutations

You are immune to sickness and miasma.
Your stone body is resilient. (AC +4)
You are immune to poison.
You resist negative energy. (rN+)
You are resistant to electric shocks. (rElec)
You are resistant to unholy torment.
You are immune to petrification.


Message History

You hit the orc.
The orc is heavily wounded.
The orc hits you with a +0 dagger.
* * * LOW HITPOINT WARNING * * *
You bump into the rock wall.
You hear some strange, mumbled words.
A puff of flame appears from out of thin air!
The puff of flame hits you.
* * * LOW HITPOINT WARNING * * *
The orc hits you but does no damage.
You bump into the rock wall.
Something hits you but does no damage. The orc hits you but does no damage.
You closely miss something. The orc hits you with a +0 dagger.
* * * LOW HITPOINT WARNING * * *
Something hits you but does no damage.
You closely miss something. The orc hits you but does no damage.
Something hits you but does no damage.
You closely miss something. The orc hits you but does no damage.
Something hits you.
* * * LOW HITPOINT WARNING * * *
You feel very mighty all of a sudden.
You feel less confused. You block the orc's attack.
You hear some strange, mumbled words.
A magic dart appears from out of thin air!
The magic dart hits you but does no damage.
You closely miss something. The orc hits you but does no damage.
Something hits you but does no damage.
You hit the orc.
You kill the orc!
Something hits you but does no damage.
You sock the orc!
You kill the orc!
Something hits you but does no damage. You block the orc's attack.
Something hits you but does no damage.
You sock the orc!
You kill the orc!
You hear some strange, mumbled words.
A puff of flame appears from out of thin air!
The puff of flame hits you.
You die...

.###.......##..# #.. #
#...........# ### .
##....####..#
#.#####..# #..#
#.#...#.# #..# .......
###..# #....#####....#
#{#........#.##
#@)...........##
#.######............##
#.....)..#####.......##
########## #.........
#.#.....## #.#....###
#.#.#....< #.#.##....
#.........


There were no monsters in sight!

Vanquished Creatures
  A black bear (D:2)
  Jessica (D:3)
  Terence (D:3)
  4 adders (D:2)
  A worm (D:2)
  A dart slug (D:1)
  5 orcs
  7 ball pythons
  2 endoplasms
  2 giant cockroaches (D:1)
  5 goblins
  5 hobgoblins
  7 kobolds
  A quokka (D:1)
  6 bats
  8 frilled lizards
  9 rats
66 creatures vanquished.

Notes
Turn   | Place    | Note
-------+----------+-------------------------------------------
     0 | D:1      | being54 the Gargoyle Fighter began the quest for the Orb.
     0 | D:1      | Reached XP level 1. HP: 14/14 MP: 1/1
    45 | D:1      | Found a faded altar of an unknown god.
    79 | D:1      | Reached XP level 2. HP: 19/19 MP: 2/2
   307 | D:1      | Found Wugeroacsi's Armour Boutique.
   348 | D:1      | Reached XP level 3. HP: 23/23 MP: 3/3
   757 | D:2      | Reached skill level 3 in Maces & Flails
  1080 | D:2      | Reached XP level 4. HP: 27/28 MP: 4/4
  1665 | D:2      | Noticed a black bear
  1675 | D:2      | Killed a black bear
  1676 | D:2      | Reached skill level 5 in Maces & Flails
  1676 | D:2      | Reached XP level 5. HP: 18/32 MP: 5/5
  2124 | D:3      | Noticed Terence
  2132 | D:3      | Killed Terence
  2445 | D:3      | Noticed Jessica
  2454 | D:3      | Killed Jessica
  2455 | D:3      | Reached XP level 6. HP: 37/37 MP: 6/6
  2806 | D:3      | Killed from afar by an orc wizard

Illustrated notes

Levels and vault maps discovered:
D:1:      erik_arrival_orb_chamber, layout_rooms, serial_shops, shop,
          shapermc_ecumenical_altar_mp_highgroup
D:2:      minmay_razor_zed, layout_basic, minmay_misc_feat_encased
D:3:      layout_loops_ring, st_stairs_14, uniq_terence, uniq_jessica

Skill      XL: |  1  2  3  4 |
---------------+-------------+-----
Maces & Flails | 3 5 |  5.7
Fighting       | |  3.6
Armour         | |  3.6
Shields        | |  3.6

Action                   |  1- 3 |  4- 6 || total
-------------------------+-------+-------++-------
Melee: Flail             |   126 |   121 ||   247
  Use: Scroll            |     1 |     9 ||    10
       Potion            |       |     1 ||     1
Armor: Scale mail        |    77 |   101 ||   178
Dodge: Dodged            |    73 |    65 ||   138
Block: Buckler           |    37 |    17 ||    54

Table legend: (Time is in decaauts)
 A = Elapsed time spent in this place.
 B = Non-inter-level travel time spent in this place.
 C = Inter-level travel time spent in this place.
 D = Time resting spent in this place.
 E = Time spent auto-exploring this place.
 F = Levels seen in this place.
 G = Mean time per level.
                   A        B        C        D        E       F      G
               +--------+--------+--------+--------+--------+-----+--------+
         Total |   2874 |   2780 |     94 |    384 |   1826 |   3 |  958.0 |
       Dungeon |   2874 |   2780 |     94 |    384 |   1826 |   3 |  958.0 |
               +--------+--------+--------+--------+--------+-----+--------+

Top non-repeatable levels by time:
     D:2: 1446 daAuts
     D:3: 773 daAuts
     D:1: 654 daAuts
